AoeStats
← Didi

Fortress

509968704Analyzed
4v4 RM · 5d ago on Sep 28, 2026· 25m 51s· 8 players
Game mode
Random Map
Map size
Huge
Population
200
Speed
Normal
Resources
Standard
Victory
Conquest
Starting age
Dark Age
Ending age
Imperial Age
RankedLock teamsTeams togetherTeam positionsShared explorationLock speedFull tech treeHidden civsTurbo modeCheats
Victory
Defeat
🇩🇪 Khmer · Germany
2081
+2
🇩🇪 Magyars · Germany
1856
+4
🇩🇪 Slavs · Germany
1547
+15
🇩🇪 Bengalis · Germany
1489
+18
🇲🇽 Gurjaras · Mexico
1608
-11
🇦🇷 Mapuche · Argentina
1570
-10
🇨🇱 Tupi · Chile
1555
-9
🇦🇷 Malay · Argentina
1547
-9
letmebelieve
8:32 Feudal Age
12:49 Castle Age
11:26 Double-Bit Axe
11:22 Horse Collar
13:58 Bow Saw
17:31 Wheelbarrow
18:03 Loom
25:10 Imperial Age
23:32 Fletching
24:23 Hand Cart
24:12 Padded Archer Armor
25:23 Bodkin Arrow
25:22 Gold Mining
Didi
0:48 Loom
8:17 Feudal Age
7:44 Loom
9:10 Town Watch
12:16 Castle Age
10:27 Double-Bit Axe
11:01 Gold Mining
11:01 Champi Runner
12:08 Fletching
15:47 Padded Archer Armor
21:14 Wheelbarrow
21:27 Horse Collar
25:03 Hand Cart
Lauti
7:52 Feudal Age
11:15 Castle Age
9:05 Loom
9:56 Double-Bit Axe
9:52 Horse Collar
10:12 Gold Mining
15:18 Wheelbarrow
18:10 Imperial Age
16:40 Bow Saw
17:12 Loom
17:23 Fletching
17:30 Crossbowman
19:11 Bodkin Arrow
20:14 Bracer
20:52 Padded Archer Armor
21:17 Ballistics
23:35 Leather Archer Armor
kazumakine
7:50 Feudal Age
11:52 Castle Age
9:47 Double-Bit Axe
9:54 Horse Collar
13:25 Town Watch
13:53 Bow Saw
16:55 Loom
22:54 Wheelbarrow
27:05 Imperial Age
24:41 Gold Mining
NOC | Mr.Dobbsn
7:30 Feudal Age
10:48 Castle Age
8:45 Double-Bit Axe
8:41 Horse Collar
11:57 Bow Saw
11:49 Heavy Plow
20:22 Wheelbarrow
19:48 Gold Mining
25:01 Imperial Age
23:30 Gold Shaft Mining
23:08 Bloodlines
25:09 Scale Barding Armor
25:30 Caravan
26:19 Husbandry
26:41 Hand Cart
LM | Bumpi
6:48 Feudal Age
10:29 Castle Age
8:46 Double-Bit Axe
8:54 Horse Collar
13:40 Bow Saw
18:15 Wheelbarrow
17:41 Pikeman
18:21 Squires
21:30 Hand Cart
21:01 Loom
22:26 Gold Mining
26:07 Imperial Age
24:15 Detinets
25:41 Ballistics
LM | MaisterNippon
7:06 Feudal Age
11:06 Castle Age
10:48 Double-Bit Axe
10:45 Horse Collar
16:44 Bow Saw
19:38 Fletching
19:48 Loom
20:39 Wheelbarrow
21:42 Bodkin Arrow
22:06 Town Watch
22:53 Bodkin Arrow
26:02 Padded Archer Armor
LM | RenLo
7:14 Feudal Age
6:44 Loom
11:07 Castle Age
14:12 Wheelbarrow
14:05 Double-Bit Axe
14:18 Horse Collar
17:01 Fletching
18:31 Bodkin Arrow
24:01 Gold Mining
25:11 Fortified Wall
Connection lost

Rejoining the realm…

Still unreachable

The connection could not be restored.

Session expired

The server has moved on; the page needs a fresh start.